Map: Efflorescence LE

Players

headbanger - Winner!

  • Race: Protoss Protoss
  • League: Gold
  • Spawn Location: 6:00

rhanos - Winner!

  • Race: Protoss Protoss
  • League: Diamond
  • Spawn Location: 9:00

qqq

  • Race: Zerg Zerg
  • League: Platinum
  • Spawn Location: 3:00

Massa

  • Race: Terran Terran
  • League: Platinum
  • Spawn Location: 12:00

VOD

Have the link to the VOD?

Description

Time

  • Played on: Sept. 6, 2020, 10:51 a.m.
  • Length: 5:59
Show
View Real Time Build Order
Export as new Build Order

headbanger Protoss - Winner!

Build Orders: Blink Stalkers 

Get SALT Encoding   

  12  0:00  Probe  
  13  0:15  Pylon  
  13  0:21  Probe  
  14  0:33  Probe  
  15  0:40  Gateway  
  15  0:45  Probe (Chrono Boost)  
  16  0:50  Assimilator  
  17  0:57  Probe (Chrono Boost)  
  17  1:03  Probe (Chrono Boost)  
  18  1:11  Probe  
  19  1:23  Probe  
  20  1:28  Cybernetics Core  
  20  1:30  Pylon  
  20  1:35  Probe  
  21  1:47  Probe (Chrono Boost)  
  21  1:53  Assimilator  
  22  1:58  Probe (Chrono Boost)  
  23  2:01  Warp Gate (Chrono Boost)  
  23  2:03  Probe (Chrono Boost)  
  24  2:11  Gateway  
  24  2:13  Gateway  
  24  2:15  Stalker  
  26  2:26  Probe  
  27  2:33  Pylon  
  27  2:57  Twilight Council  
  27  3:01  Robotics Facility  
  27  3:04  Gateway  
  27  3:35  Blink  
  27  3:37  Zealot  
  27  3:38  Zealot, Stalker  
  33  3:53  Nexus  
  33  4:01  Stalker x2  
  33  4:02  Pylon  
  37  4:20  Stalker x2  
  41  4:30  Pylon  
  41  4:44  Stalker x2  
  43  5:19  Probe (Chrono Boost)  
  44  5:22  Probe (Chrono Boost)  
  44  5:27  Stalker x2  
  49  5:31  Probe (Chrono Boost)  
  49  5:32  Probe (Chrono Boost)  
  49  5:35  Probe (Chrono Boost)  
  51  5:37  Probe (Chrono Boost)  
  53  5:45  Probe  
Show
View Real Time Build Order
Export as new Build Order

rhanos Protoss - Winner!

Build Orders:  

Get SALT Encoding   

  12  0:00  Probe  
  13  0:12  Probe  
  14  0:18  Pylon  
  14  0:24  Probe  
  15  0:37  Probe (Chrono Boost)  
  15  0:39  Gateway  
  16  0:49  Probe (Chrono Boost)  
  17  0:51  Assimilator  
  17  0:56  Probe (Chrono Boost)  
  18  1:06  Probe  
  19  1:11  Assimilator  
  19  1:18  Probe  
  20  1:30  Probe  
  21  1:40  Cybernetics Core  
  21  1:46  Probe  
  22  1:56  Pylon  
  22  1:58  Probe  
  22  2:18  Stargate  
  22  2:21  Nexus  
  22  2:22  Probe  
  23  2:28  Adept  
  25  2:36  Pylon  
  25  2:46  Probe  
  26  2:54  Void Ray (Chrono Boost)  
  26  2:58  Probe  
  31  3:11  Probe  
  32  3:13  Assimilator  
  32  3:23  Probe, Assimilator  
  32  3:24  Void Ray  
  37  3:35  Probe (Chrono Boost)  
  37  3:38  Pylon  
  39  3:44  Probe (Chrono Boost)  
  39  3:47  Probe (Chrono Boost)  
  40  3:53  Probe x2 (Chrono Boost)  
  42  4:07  Void Ray (Chrono Boost)  
  46  4:18  Probe  
  46  4:21  Probe  
  46  4:23  Pylon  
  48  4:27  Stargate  
  48  4:30  Probe  
  49  4:41  Void Ray (Chrono Boost)  
  53  4:59  Probe x2  
  55  5:06  Void Ray (Chrono Boost)  
  55  5:09  Pylon  
  55  5:11  Probe x2  
  57  5:19  Void Ray (Chrono Boost)  
  65  5:23  Probe  
  66  5:39  Probe  
  66  5:42  Pylon  
  67  5:46  Pylon  
  71  5:58  Pylon  
Show
View Real Time Build Order
Export as new Build Order

qqq Zerg 

Build Orders: Hatch First 

Get SALT Encoding   

  12  0:01  Drone  
  13  0:09  Drone  
  14  0:36  Hatchery  
  13  0:46  Drone  
  14  0:57  Spawning Pool  
  13  1:11  Drone, Overlord  
  13  1:14  Extractor  
  13  1:16  Drone  
  14  1:32  Drone  
  15  1:39  Drone  
  16  1:48  Drone  
  16  1:50  Queen  
  16  1:51  Drone  
  20  2:11  Drone x2  
  22  2:17  Drone  
  22  2:18  Drone, Roach Warren  
  23  2:23  Drone  
  24  2:32  Overlord  
  24  2:34  Drone  
  25  2:37  Drone  
  26  2:54  Drone  
  26  2:56  Drone x2  
  29  2:58  Roach  
  29  2:59  Roach  
  29  3:03  Queen  
  35  3:09  Overlord  
  35  3:15  Overlord  
  35  3:20  Drone  
  35  3:23  Lair  
  36  3:28  Roach  
  36  3:30  Roach  
  40  3:35  Roach  
  40  3:38  Drone  
  40  3:39  Drone  
  44  3:43  Roach  
  46  4:02  Spore Crawler  
  45  4:04  Spore Crawler  
  44  4:12  Drone  
  44  4:14  Roach x2  
  49  4:22  Drone  
  49  4:23  Drone x2  
  52  4:25  Overlord  
  52  4:34  Overlord x2  
  52  4:36  Hatchery  
  51  4:40  Spore Crawler  
  51  4:45  Hydralisk Den  
  43  4:55  Roach x3  
  43  4:56  Drone x2  
  43  4:57  Drone  
  44  5:14  Roach  
  44  5:15  Roach x2  
  48  5:34  Hydralisk  
  46  5:41  Zergling x10  
Show
View Real Time Build Order
Export as new Build Order

Massa Terran 

Build Orders: Gas First Reaper Expand 

Get SALT Encoding   

  12  0:00  SCV  
  13  0:12  SCV  
  14  0:21  Supply Depot  
  14  0:24  SCV  
  15  0:31  Refinery  
  15  0:43  SCV  
  15  0:46  Barracks  
  16  0:55  SCV  
  17  1:15  SCV  
  18  1:27  SCV  
  19  1:53  Reaper  
  19  2:04  Command Center  
  19  2:24  Factory, Marine  
  21  2:38  Orbital Command  
  21  2:42  Command Center  
  20  2:45  Refinery  
  20  2:52  Barracks Reactor  
  20  3:05  SCV  
  21  3:16  Orbital Command  
  21  3:17  SCV  
  22  3:22  Factory Tech Lab  
  22  3:29  SCV  
  22  3:31  Supply Depot  
  23  3:35  Marine  
  24  3:41  SCV  
  24  3:44  SCV  
  26  3:53  SCV  
  27  3:56  SCV  
  27  3:57  Engineering Bay  
  27  4:05  Orbital Command  
  27  4:08  Marine x2  
  28  4:24  Engineering Bay  
  28  4:27  Marine  
  28  4:28  Marine  
  30  4:40  Widow Mine  
  30  4:45  Marine x2  
  30  4:58  Missile Turret  
  28  5:00  Missile Turret x2  
  28  5:01  Widow Mine, SCV  
  28  5:03  Marine x2  
  29  5:21  Marine x2, Missile Turret  
  26  5:28  Missile Turret  
  26  5:32  Widow Mine  
  28  5:39  Marine x2  
  29  5:48  Missile Turret  
  29  5:53  Barracks  
Tags
 
Add a new tag
Caveats
  • Supply blocks, unpowered buildings, or Contaminate may cause inaccurate times.
  • Supply counts are checked every 10 seconds.